[Event "Late-Titled-Tuesday-Blitz-February-27-2024"]
[Site "Chess.com"]
[Date "2024.02.27"]
[Round "5"]
[White "TenisMaster"]
[Black "Alexei_Gubajdullin"]
[Result "0-1"]
[WhiteElo "2928"]
[BlackElo "2667"]
[TimeControl "180+1"]
[EndTime "14:56:20 PST"]
[Termination "Alexei_Gubajdullin won by resignation"]

1. e4 g6 2. d4 Bg7 3. Nc3 d6 4. Be3 a6 5. h4 h6 6. f4 h5 7. Nf3 Nf6 8. Bd3 Ng4 9. Bg1 Nd7 10. Qd2 c5 11. O-O-O cxd4 12. Nxd4 O-O 13. Kb1 Nc5 14. Nb3 b6 15. Bd4 Nxb3 16. axb3 Bxd4 17. f5 Bb7 18. Be2 Bxc3 19. bxc3 Ne5 20. Bxh5 Bxe4 21. fxg6 fxg6 22. Rhe1 d5 23. Qh6 Qe8 24. Bf3 Nxf3 25. gxf3 Rxf3 26. h5 Qf8 27. Qg5 Qf5 28. Qxe7 Bxc2+ 29. Ka1 Bxd1 30. Rg1 Qf7 31. Rxg6+ Kh7 32. Qg5 Qf8 33. Re6 Qa3+ 34.
Kb1 Qxb3+ 35. Kc1 Rxc3+ 36. Kd2 Rc2+ 37. Ke1 Qc3+ 38. Kxd1 Qd3+ 39. Ke1 Qc3+ 40. Kd1 Qa1+ 41. Kxc2 Rc8+ 42. Kd2 Qc1+ 43. Kd3 Qxg5 0-1

[Event "Late-Titled-Tuesday-Blitz-February-27-2024"]
[Site "Chess.com"]
[Date "2024.02.27"]
[Round "5"]
[White "Caisachess"]
[Black "MFatigue"]
[Result "0-1"]
[WhiteElo "2349"]
[BlackElo "2517"]
[TimeControl "180+1"]
[EndTime "14:56:20 PST"]
[Termination "MFatigue won by resignation"]

1. e4 e6 2. d4 d5 3. Bd3 dxe4 4.
Bxe4 Nf6 5. Bf3 c5 6. Ne2 Nc6 7.
Be3 Nd5 8. Bxd5 Qxd5 9. Nf4 Qf5 10. dxc5 Bxc5 11. Bxc5 Qxc5 12. Nc3 O-O 13. O-O e5 14. Nh5 Bf5 15. Ng3 Bg6 16. Qe2 Nd4 17. Qe3 Rac8 18. Nge4 Qc6 19. Rac1 f5 20. Nd2 Rce8 21.
Nb3 Nxb3 22. axb3 b6 23. Rcd1 f4 24. Qd2 Rf7 25. f3 Rfe7 26. Rfe1 h6 27. Ne4 Bxe4 28. Rxe4 Kf7 29. c4 Kf6 30. Qc3 Qc5+ 31. Kh1 g5 32. h3 Re6 33. Rd5 Qf2 34. Rdxe5 Rxe5 35. b4 Kf5 36.
Qd3 Rxe4 37. Qd7+ Kg6 38. fxe4 Qe1+ 39. Kh2 Qxe4 40. Qd6+ Qe6 41. Qd3+ Qf5 42. Qd6+ Re6 43. Qd7 Qe5 44. Qd8 f3+ 45. Kg1 Qe1+ 46. Kh2 Qe5+ 47.
Kg1 f2+ 48. Kxf2 Qf4+ 0-1

[Event "Late-Titled-Tuesday-Blitz-February-27-2024"]
[Site "Chess.com"]
[Date "2024.02.27"]
[Round "5"]
[White "jcmesafischer"]
[Black "Orion2127989"]
[Result "1-0"]
[WhiteElo "2369"]
[BlackElo "2140"]
[TimeControl "180+1"]
[EndTime "14:56:20 PST"]
[Termination "jcmesafischer won on time"]

1. e4 c6 2. Nc3 d5 3. Nf3 Bg4 4.
h3 Bxf3 5. Qxf3 Nf6 6. d3 e6 7.
g3 Nbd7 8. Bg2 Bb4 9. O-O Bxc3 10. bxc3 dxe4 11. dxe4 e5 12. Ba3 c5 13. g4 h6 14.
Rfd1 Qc7 15. Bc1 O-O-O 16. a4 Nb6 17. a5 Nbd7 18. Bf1 Nb8 19. Qf5+ Rd7 20. Bb5 Nc6 21.
a6 b6 22. Rxd7 Nxd7 23. Qxf7 Ndb8 24. Qg6 Rf8 25. Be3 Rf6 26. Qh5 Qd6 27. Be2 Nd7 28.
Qe8+ Kc7 29. Rd1 Qe6 30. Qh5 Nb4 31. cxb4 1-0

[Event "Late-Titled-Tuesday-Blitz-February-27-2024"]
[Site "Chess.com"]
[Date "2024.02.27"]
[Round "5"]
[White "jefferyx"]
[Black "Sanan_Sjugirov"]
[Result "1-0"]
[WhiteElo "3087"]
[BlackElo "2972"]
[TimeControl "180+1"]
[EndTime "14:56:22 PST"]
[Termination "jefferyx won on time"]

1. d4 Nf6 2. c4 e6 3. Nc3 Bb4 4.
Nf3 d5 5. Qa4+ Nc6 6. e3 O-O 7.
Bd2 Re8 8. a3 Bf8 9. Rd1 Bd7 10.
Qc2 h6 11. Be2 dxc4 12. Bxc4 e5 13. Qb3 exd4 14. Bxf7+ Kh8 15. Nd5 Re4 16. O-O Bg4 17. Qxb7 Bxf3 18. gxf3 Ne5 19. fxe4 Nxe4 20. Kh1 Nxf7 21.
Nxc7 Rb8 22. Qxe4 Qxc7 23. exd4 Nd6 24. Bf4 Rxb2 25. Bxd6 Qxd6 26. Rd3 Ra2 27. Qf3 Rb2 28. Re1 Rb8 29. d5 Rd8 30. Re6 Qd7 31. Kg2 Bd6 32. Qe4 Qc8 33. Re3 Rf8 34. Re8 Qd7 35. Rxf8+ Bxf8 36. Qe6 Qd8 37. d6 Qg5+ 38. Rg3 Qd8 39. d7 Be7 40.
Qd5 Bf6 41. Re3 1-0

[Event "Late-Titled-Tuesday-Blitz-February-27-2024"]
[Site "Chess.com"]
[Date "2024.02.27"]
[Round "5"]
[White "Dhaydon19"]
[Black "VitorBronson"]
[Result "1-0"]
[WhiteElo "2747"]
[BlackElo "2501"]
[TimeControl "180+1"]
[EndTime "14:56:22 PST"]
[Termination "Dhaydon19 won by resignation"]

1. d4 d5 2. c4 c6 3. cxd5 cxd5 4. Nc3 Nf6 5. Nf3 Nc6 6. Bf4 a6 7. e3 Bf5 8. h3 e6 9. Be2 Bd6 10. Bxd6 Qxd6 11. O-O h6 12. Rc1 O-O 13. Na4 Ne4 14. a3 b5 15. Nc5 Na5 16. b3 Rac8 17. Qe1 Nxc5 18. dxc5 Qc7 19. Nd4 Be4 20. a4 e5 21.
axb5 exd4 22. b6 Qb7 23. Qxa5 d3 24. Bg4 f5 25. Bf3 Bxf3 26. gxf3 d4 27. c6 Qf7 28. exd4 Qg6+ 29. Kh2 Qh5 30. b7 Qxf3 31. bxc8=Q Qf4+ 32.
Kg1 Rxc8 33. Qd5+ Kh7 34. Rce1 d2 35. Rd1 Qg5+ 36. Qg2 Qf4 37. d5 Rd8 38. Qg3 Qb4 39.
c7 Rc8 40. d6 f4 41. Qd3+ Kh8 42. Rxd2 Qc5 43. d7 Qg5+ 44. Kh2 Rd8 45. cxd8=Q+ Qxd8 46. Rg1 f3 47. Qd4 Qc7+ 48. Rg3 Qxd7 49. Qxd7 1-0

[Event "Late-Titled-Tuesday-Blitz-February-27-2024"]
[Site "Chess.com"]
[Date "2024.02.27"]
[Round "5"]
[White "laskakid"]
[Black "JaackCamel"]
[Result "0-1"]
[WhiteElo "2390"]
[BlackElo "2240"]
[TimeControl "180+1"]
[EndTime "14:56:22 PST"]
[Termination "JaackCamel won on time"]

1. d4 d5 2. c4 e6 3. Nc3 c6 4.
e4 dxe4 5. Nxe4 Bb4+ 6. Bd2 Qxd4 7. Bxb4 Qxe4+ 8. Be2 Na6 9. Bd6 Qxg2 10. Bf3 Qg5 11. Ne2 Nf6 12. Rg1 Qa5+ 13. Kf1 Bd7 14. Rxg7 O-O-O 15. Be7 Nh5 16. Rg5 c5 17. Bxd8 Rxd8 18. Rxh5 e5 19.
Qb3 Nb4 20. a3 f5 21. Rc1 Nc6 22. Rxh7 e4 23. Bg2 Nd4 24. Qc3 Qb6 25. Rd1 Qg6 26.
Rh3 Nxe2 27. Kxe2 f4 28. Bf1 Bg4+ 29. f3 exf3+ 30. Rxf3 Qe4+ 31. Kf2 Rxd1 32. Qh8+ Rd8 33. Qc3 Bxf3 34. Bh3+ Kb8 35. Qxf3 Rd2+ 36. Kg1 Qxf3 0-1

[Event "Late-Titled-Tuesday-Blitz-February-27-2024"]
[Site "Chess.com"]
[Date "2024.02.27"]
[Round "5"]
[White "mightysmasher"]
[Black "DeTimmerman"]
[Result "1/2-1/2"]
[WhiteElo "2555"]
[BlackElo "2736"]
[TimeControl "180+1"]
[EndTime "14:56:23 PST"]
[Termination "Game drawn by repetition"]

1. e4 e5 2. Nf3 Nc6 3. d4 exd4 4. Nxd4 Nf6 5. Nc3 Bb4 6. Nxc6 bxc6 7. Bd3 d5 8. exd5 O-O 9. O-O cxd5 10. Bg5 c6 11. Qf3 Be7 12. Rfe1 Re8 13. h3 h6 14. Bh4 Rb8 15.
b3 Rb4 16. Bg3 Be6 17. Rad1 Bd6 18. Bxd6 Qxd6 19. Ne2 a5 20. Ng3 Rf4 21. Qe3 a4 22. c4 axb3 23. axb3 Qb8 24. Qd2 dxc4 25.
bxc4 Bxc4 26. Rxe8+ Nxe8 27. Bxc4 Rxc4 28. Re1 Nf6 29. Nf5 Qf4 30. Ne7+ Kh8 31. Qxf4 Rxf4 32. Nxc6 g5 33. Re7 Kg7 34. g3 Rf5 35. Nd4 Rd5 36. Ne6+ Kg8 37. Nc7 Rd2 38. Nb5 Kf8 39. Re1 h5 40. Nc3 Rd4 41. Re5 g4 42. hxg4 hxg4 43. Ne2 Ra4 44. Nf4 Kg7 45. Nh5+ Nxh5 46. Rxh5 Kg6 47.
Rc5 f5 48. Kg2 Re4 49. Rc6+ Kg5 50. Rc8 Re6 51. Rg8+ Kh5 52. Rh8+ Kg5 53. Rg8+ Kh5 54.
Rh8+ Kg5 55. Rg8+ 1/2-1/2

[Event "Late-Titled-Tuesday-Blitz-February-27-2024"]
[Site "Chess.com"]
[Date "2024.02.27"]
[Round "5"]
[White "Pelusiansky"]
[Black "NateSolon"]
[Result "0-1"]
[WhiteElo "2539"]
[BlackElo "2689"]
[TimeControl "180+1"]
[EndTime "14:56:25 PST"]
[Termination "NateSolon won by resignation"]

1. d4 d5 2. c4 c6 3. Nc3 Nf6 4. cxd5 cxd5 5. Bf4 Nc6 6. e3 e6 7. Bd3 Be7 8. h3 Bd7 9. Nf3 O-O 10. O-O Qa5 11.
a3 Rfc8 12. Rc1 Qd8 13. Qe2 Be8 14. Rc2 a6 15. Rfc1 b5 16. Nb1 Na5 17. Bc7 Rxc7 18. Rxc7 Nc4 19. Rc5 Bxc5 20. dxc5 Rc8 21. b3 Na5 22. Qb2 Nc6 23. b4 Qc7 24. Nbd2 e5 25. Bf5 Rd8 26. Bb1 h6 27. Nb3 Bd7 28. Rd1 Be6 29.
Ba2 Ra8 30. Rc1 Nd7 31. Qd2 Nf6 32. Bb1 d4 33. exd4 Bxb3 34. dxe5 Nxe5 35. Qf4 Nxf3+ 36. Qxf3 Bd5 37. Qf5 Re8 38. Rd1 Qe5 39. Qd3 g6 40. a4 Bc4 41. Qf3 bxa4 42. Rd6 Re6 43. Rd8+ Kg7 44.
c6 Bd5 0-1

[Event "Late-Titled-Tuesday-Blitz-February-27-2024"]
[Site "Chess.com"]
[Date "2024.02.27"]
[Round "5"]
[White "IM_Tissir"]
[Black "jk13"]
[Result "1-0"]
[WhiteElo "2506"]
[BlackElo "2671"]
[TimeControl "180+1"]
[EndTime "14:56:25 PST"]
[Termination "IM_Tissir won by resignation"]

1. e4 e5 2. Nf3 Nc6 3. Bc4 Bc5 4.
c3 Nf6 5. d3 O-O 6. Bb3 d5 7. Qe2 h6 8. Nbd2 Re8 9. Nf1 a5 10. a4 Be6 11. Bc2 dxe4 12. dxe4 Ng4 13. Ne3 Nxe3 14. Bxe3 Bxe3 15. Qxe3 Bc4 16. Rd1 Qe7 17.
g4 Rad8 18. h4 Qe6 19. Rg1 Bb3 20. Qe2 Bxc2 21. Qxc2 Qc4 22. Nd2 Qc5 23. Qb3 Rd6 24. Qc4 Qb6 25. Qb5 Qa7 26. Qe2 Red8 27. g5 Kh8 28. gxh6 Rxh6 29. Qg4 Rg6 30. Qh5+ Kg8 31. Rxg6 fxg6 32. Qxg6 Qc5 33. Qe6+ Kh8 34. Nf3 Rf8 35. Qg4 Ne7 36. Rd7 b6 37. Kd1 Re8 38. Qh5+ Kg8 39. Qxe8+ Kh7 40. Qxe7 1-0

[Event "Late-Titled-Tuesday-Blitz-February-27-2024"]
[Site "Chess.com"]
[Date "2024.02.27"]
[Round "5"]
[White "Escudito"]
[Black "martinmena"]
[Result "1-0"]
[WhiteElo "2414"]
[BlackElo "2247"]
[TimeControl "180+1"]
[EndTime "14:56:25 PST"]
[Termination "Escudito won on time"]

1. d4 d5 2. c4 e6 3. g3 Nf6 4. Nf3 Be7 5. Bg2 O-O 6. O-O dxc4 7. Qc2 a6 8. a4 Bd7 9. Qxc4 Bc6 10. Bg5 Bd5 11. Qc2 Be4 12. Qc1 Nbd7 13. Nc3 Bc6 14.
Qc2 h6 15. Bxf6 Bxf6 16. e4 Nb6 17. a5 Nd7 18. Rfd1 Be7 19. Rac1 Rc8 20. d5 exd5 21. exd5 Bb5 22. Nxb5 axb5 23. Qb3 c6 24. dxc6 bxc6 25. Bh3 Nc5 26. Qe3 Qc7 27. Rxc5 Bxc5 28. Qxc5 Rcd8 29.
Rc1 Rd6 30. Qxb5 cxb5 31. Rxc7 Ra6 32. b4 Re8 33. Nd4 Re4 34. Nc6 Rc4 35. Ne7+ Kh7 36. Rxc4 bxc4 37. Nd5 Rd6 38. Nc3 1-0

[Event "Late-Titled-Tuesday-Blitz-February-27-2024"]
[Site "Chess.com"]
[Date "2024.02.27"]
[Round "5"]
[White "RantomOpening"]
[Black "vladoboch"]
[Result "1-0"]
[WhiteElo "2570"]
[BlackElo "2430"]
[TimeControl "180+1"]
[EndTime "14:56:30 PST"]
[Termination "RantomOpening won by resignation"]

1. e4 c5 2. c3 Nf6 3. e5 Nd5 4.
d4 cxd4 5. Nf3 Nc6 6. cxd4 e6 7. Bc4 Nb6 8. Bb5 d6 9. Nc3 dxe5 10. Nxe5 Bd7 11. Nxd7 Qxd7 12. O-O Bd6 13. Qg4 O-O 14. Be3 a6 15. Bxc6 bxc6 16. Ne4 Nd5 17. Nxd6 Qxd6 18. Bh6 g6 19. Bxf8 Rxf8 20. Qe2 Rb8 21. b3 Nf4 22. Qc4 Rb4 23. Qc5 Qxd4 24. Qxc6 Rb5 25. Rac1 Ne2+ 26. Kh1 Nxc1 27. Rxc1 Qxf2 28.
Qxa6 Rc5 29. Rf1 Qd2 30. a4 Rc2 31. Qa8+ Kg7 32. Qf3 f5 33. h3 Rc3 34. Qb7+ Kh6 35.
Qb8 Qe3 36. Qf8+ Kh5 37. Qe7 h6 38. Rg1 f4 39. b4 Qe4 40. Kh2 Qe5 41. Kh1 Qf5 42.
Rd1 f3 43. g4+ 1-0

[Event "Late-Titled-Tuesday-Blitz-February-27-2024"]
[Site "Chess.com"]
[Date "2024.02.27"]
[Round "5"]
[White "best926"]
[Black "Narek_Ghimoyan"]
[Result "0-1"]
[WhiteElo "2529"]
[BlackElo "2403"]
[TimeControl "180+1"]
[EndTime "14:56:30 PST"]
[Termination "Narek_Ghimoyan won by resignation"]

1. d4 d5 2. c4 c6 3. cxd5 cxd5 4. Bf4 Nf6 5. Nc3 Nc6 6. e3 Bf5 7. Rc1 a6 8. h3 e6 9. g4 Bg6 10. Bd3 Bxd3 11. Qxd3 Bd6 12. Bxd6 Qxd6 13. f4 O-O 14. Nf3 b5 15. Ne5 Rfc8 16. g5 Ne4 17. Nxe4 dxe4 18. Qxe4 Qb4+ 19. Kf2 Nxe5 20. fxe5 Qxb2+ 21. Kg3 Rab8 22.
Qb1 Qd2 23. Rhe1 g6 24. h4 Rxc1 25. Qxc1 Qxa2 26. h5 Qd5 27. h6 Qe4 28. Qc7 Rf8 29.
Qe7 Qf5 30. Qf6 Qxf6 31. gxf6 Rb8 32. e4 b4 33. d5 b3 34. d6 b2 35. d7 Rd8 36. Rb1 Rxd7 37. Rxb2 Rd8 38. Ra2 Ra8 39. Ra5 Kf8 40. Kf3 Ke8 41. Ke3 Kd7 42. Kd4 Kc6 43. Kc4 Kb6 44. Rc5 a5 45. Rb5+ Ka6 46. Rc5 Ra7 47. Rc8 Kb6 48. Rh8 a4 49. Rxh7 a3 50. Rh8 a2 51. Rb8+ Kc7 52. h7 a1=Q 53. h8=Q Qc1+ 54.
Kd4 Qd2+ 55. Kc4 Ra4+ 56. Kb3 Qa2+ 57. Kc3 Rc4+ 58. Kd3 Qc2+ 59. Ke3 Rxe4+ 60. Kf3 Qe2+ 61. Kg3 Rg4+ 0-1

[Event "Late-Titled-Tuesday-Blitz-February-27-2024"]
[Site "Chess.com"]
[Date "2024.02.27"]
[Round "5"]
[White "IlanSchnaider"]
[Black "Hrant_ChessMood"]
[Result "0-1"]
[WhiteElo "2721"]
[BlackElo "2999"]
[TimeControl "180+1"]
[EndTime "14:56:31 PST"]
[Termination "Hrant_ChessMood won on time"]

1. e4 c6 2. Nc3 d5 3. Nf3 Bg4 4. h3 Bxf3 5. Qxf3 e6 6. Be2 Nf6 7. O-O dxe4 8. Nxe4 Nxe4 9. Qxe4 Qd5 10. Qg4 Nd7 11. c3 Nf6 12. Qg3 Bd6 13. Qf3 O-O 14. d4 b5 15. Qe3 Qf5 16. Bd3 Qh5 17. Be2 Qh4 18. Bf3 Nd5 19. Qd3 Rad8 20. a4 a6 21. Re1 g6 22. Bd2 Qf6 23. axb5 axb5 24. Ra6 Rc8 25.
Rea1 Rfd8 26. Ra7 Bf4 27. Bxd5 Rxd5 28. Rb7 Bxd2 29. Qxd2 e5 30. Raa7 Rf8 31. dxe5 Qxe5 32. Qc1 Qd6 33. Rd7 Qxd7 34. Rxd7 Rxd7 35. Qf4 Re8 36. Qf6 Re6 37. Qf3 h5 38. h4 Rd5 39.
Kh2 Rf5 40. Qg3 Re2 41. f3 Rxb2 42. Qb8+ Kh7 43. Qc7 Rxf3 44. Qxc6 Rff2 45. Kh1 Rxg2 46. c4 Rh2+ 47. Kg1 Rbg2+ 48. Kf1 Rc2 49. Kg1 Rhg2+ 50. Kh1 Rgd2 0-1

[Event "Late-Titled-Tuesday-Blitz-February-27-2024"]
[Site "Chess.com"]
[Date "2024.02.27"]
[Round "5"]
[White "Statham_01"]
[Black "semchik73"]
[Result "0-1"]
[WhiteElo "2553"]
[BlackElo "2445"]
[TimeControl "180+1"]
[EndTime "14:56:32 PST"]
[Termination "semchik73 won on time"]

1. e4 Nf6 2. e5 Nd5 3. f4 d6 4.
d4 dxe5 5. fxe5 Nc6 6. Nf3 Bg4 7. c4 Nb6 8. e6 fxe6 9. Be3 e5 10. d5 e4 11. Bxb6 axb6 12. Nc3 exf3 13. gxf3 e6 14. fxg4 Qh4+ 15. Kd2 O-O-O 16. Kc2 exd5 17. cxd5 Qf2+ 18. Kb1 Nd4 19. Bd3 Bc5 20. a3 Nf3 21. Ne4 Qe3 22. Nxc5 bxc5 23. Bf5+ Kb8 24. Ka2 Nd4 25. Re1 Qf2 26. Rc1 Rxd5 27. Be4 Rd6 28. Rxc5 Ne6 29. Qb3 Nxc5 30. Qb4 Qd4 31. Qb5 Nxe4 32. Ka1 Nc5 33. Rc1 b6 34. a4 Qd3 35. Qb4 Nb3+ 36. Ka2 Nxc1+ 37. Ka1 Qb3 0-1

[Event "Late-Titled-Tuesday-Blitz-February-27-2024"]
[Site "Chess.com"]
[Date "2024.02.27"]
[Round "5"]
[White "Baronessa08"]
[Black "rcmz"]
[Result "1-0"]
[WhiteElo "2529"]
[BlackElo "2212"]
[TimeControl "180+1"]
[EndTime "14:56:32 PST"]
[Termination "Baronessa08 won on time"]

1. Nf3 f5 2. g3 Nf6 3. d4 g6 4. c4 Bg7 5. Bg2 O-O 6. b4 d6 7.
Bb2 Nc6 8. b5 Na5 9. Nbd2 c6 10.
a4 Qc7 11. O-O Ne4 12. Rc1 Nxd2 13. Nxd2 e5 14. dxe5 dxe5 15. Qc2 Be6 16. Bc3 Rac8 17. Bxa5 Qxa5 18. Rfd1 e4 19. e3 cxb5 20. axb5 Qb4 21.
Bf1 b6 22. Nb3 Rfd8 23. Nd4 Bxd4 24. exd4 Qe7 25. Be2 Rc7 26. c5 Bd5 27. c6 Qe6 28. Qd2 Re8 29. Qf4 Ree7 30. Re1 Kg7 31. Bf1 h6 32. h4 Qf6 33. Bh3 g5 34. hxg5 hxg5 35. Qxf5 Qxf5 36. Bxf5 Kf6 37. g4 Kg7 38. Re3 Kf6 39.
Rce1 Bc4 40. Rxe4 Rxe4 41. Rxe4 Bxb5 42. d5 Rg7 43. Re6+ 1-0

[Event "Late-Titled-Tuesday-Blitz-February-27-2024"]
[Site "Chess.com"]
[Date "2024.02.27"]
[Round "5"]
[White "chucksterf10"]
[Black "Arystanner"]
[Result "0-1"]
[WhiteElo "2589"]
[BlackElo "2793"]
[TimeControl "180+1"]
[EndTime "14:56:34 PST"]
[Termination "Arystanner won by resignation"]

1. Nf3 d5 2. c4 e6 3. d4 c5 4.
cxd5 exd5 5. Nc3 Nc6 6. dxc5 d4 7. Na4 Bxc5 8. Nxc5 Qa5+ 9. Bd2 Qxc5 10. Rc1 Qd6 11. e3 dxe3 12. Bxe3 Qxd1+ 13. Rxd1 Nge7 14. a3 Be6 15. Nd4 Nxd4 16. Rxd4 O-O 17. Bd3 Nc6 18. Rh4 h6 19. O-O Rad8 20. Be4 Bd5 21. Bb1 a6 22. h3 Rfe8 23. Rc1 Re6 24. Bf5 Re5 25. Bb1 Be6 26. Re4 Red5 27. Kh2 Rd1 28. Rxd1 Rxd1 29. Bc2 Re1 30. Bb6 Rc1 31. Re2 Ra1 32. Be3 Kf8 33. Bc5+ Kg8 34. Rd2 Rc1 35. Be3 Re1 36. Kg3 h5 37. h4 g6 38. Be4 Kg7 39. Rc2 Bd7 40. Bd2 Ra1 41. Rc3 Kf8 42. Bh6+ Ke7 43. Re3 Be6 44.
Bg5+ Kd7 45. Rd3+ Kc7 46. Bf4+ Kc8 47. Rd6 Ne7 48. Bg5 Nf5+ 49. Kf4 Nxd6 0-1

[Event "Late-Titled-Tuesday-Blitz-February-27-2024"]
[Site "Chess.com"]
[Date "2024.02.27"]
[Round "5"]
[White "MrKGG1"]
[Black "cthulhuuu"]
[Result "1-0"]
[WhiteElo "2587"]
[BlackElo "2437"]
[TimeControl "180+1"]
[EndTime "14:56:34 PST"]
[Termination "MrKGG1 won by resignation"]

1. Nf3 Nf6 2. d4 g6 3. Bg5 Bg7 4. Nbd2 d5 5. e3 c6 6. Bd3 Qb6 7. Rb1 O-O 8. O-O Nbd7 9. Re1 h6 10. Bf4 g5 11. Bg3 Nh5 12. c3 Nxg3 13. hxg3 e5 14. dxe5 Nxe5 15. Nxe5 Bxe5 16. e4 Bxg3 17. Qf3 Bf4 18. Nf1 dxe4 19. Qxe4 f5 20. Qe7 Qc7 21. Bc4+ Be6 22. Bxe6+ Kh8 23. Qxc7 Bxc7 24. Rbd1 Bb6 25. Rd7 Rae8 26. Rdd1 g4 27. Bc4 Rxe1 28. Rxe1 f4 29. Nd2 g3 30. Ne4 h5 31. Kf1 h4 32. f3 Rf5 33. Be6 Rb5 34. b3 Re5 35. Bh3 Ba5 36.
Rd1 b5 37. Rd6 Rd5 38. Rxd5 cxd5 39. Nf6 Bxc3 40. Nxd5 Be5 41. Ke2 Kg8 42. Kd3 Kf7 43. Ke4 Bd6 44. Nxf4 1-0

[Event "Late-Titled-Tuesday-Blitz-February-27-2024"]
[Site "Chess.com"]
[Date "2024.02.27"]
[Round "5"]
[White "Ar4uha"]
[Black "KaydenTroffChess"]
[Result "0-1"]
[WhiteElo "2584"]
[BlackElo "2813"]
[TimeControl "180+1"]
[EndTime "14:56:35 PST"]
[Termination "KaydenTroffChess won on time"]

1. e4 c5 2. Nf3 g6 3. Bc4 Bg7 4. O-O e6 5. c3 Ne7 6. d4 cxd4 7. cxd4 d5 8. exd5 exd5 9. Bb3 O-O 10. h3 Nbc6 11.
Nc3 Be6 12. Bf4 Nf5 13. Ne2 Qb6 14. Be5 Nxe5 15. dxe5 Rad8 16. Nf4 Bh6 17. Nd3 d4 18. Bxe6 fxe6 19. Qb3 Ne7 20. Rad1 Nc6 21. Qxb6 axb6 22.
Rfe1 Rd5 23. Re4 Rfd8 24. a3 Kf7 25. Rh4 Kg7 26. Kf1 Rb5 27. Re4 Rb3 28. Ke2 Rd5 29. g4 g5 30. h4 Kg6 31. hxg5 Bxg5 32. Nxg5 Kxg5 33. f4+ Kg6 34. Rf1 Kf7 35. f5 Rdb5 36. fxe6+ Kxe6 37. Rf6+ Kd5 38. Rh6 Kxe4 39. Rxh7 Rxd3 40. e6 Rxb2+ 41. Ke1 Re3+ 42. Kf1 Kd3 43. Rxb7 Rxe6 44. g5 Ne5 45. a4 Ng4 46. g6 Nh2+ 0-1

[Event "Late-Titled-Tuesday-Blitz-February-27-2024"]
[Site "Chess.com"]
[Date "2024.02.27"]
[Round "5"]
[White "gahryman"]
[Black "CarlosjPineror"]
[Result "1-0"]
[WhiteElo "2700"]
[BlackElo "2542"]
[TimeControl "180+1"]
[EndTime "14:56:36 PST"]
[Termination "gahryman won by resignation"]

1. e4 c5 2. Nf3 e6 3. d3 Nc6 4. g3 d5 5. Bg2 Nf6 6. Nbd2 Be7 7. O-O O-O 8. Re1 b5 9. e5 Nd7 10. Nf1 a5 11. h4 b4 12. Bf4 Nd4 13. Nxd4 cxd4 14. Nh2 Bb7 15. Qg4 Kh8 16. Nf3 h6 17.
Nxd4 Rc8 18. Qh5 Kh7 19. Rac1 Ba6 20. Bh3 Nc5 21. Nf3 Qe8 22. Be3 f5 23. Qxe8 Rfxe8 24. Nd4 h5 25. Bg5 Bxg5 26. hxg5 g6 27. Bf1 Kg7 28.
f4 Na4 29. Rb1 Kf7 30. Kf2 Rc7 31. Ke3 Rec8 32. Re2 Nc5 33. Rh2 Nb7 34. Be2 Nd8 35. Bxh5 gxh5 36. Rxh5 Kg7 37. Rbh1 Rxc2 38. Rh7+ Kg8 39.
Rh8+ Kg7 40. Nxc2 Rxc2 41. Rxd8 Rg2 42. Rd7+ Kg8 43. Rh3 Rxb2 44. g6 Rg2 45. Kd4 a4 46. Ra7 b3 47. axb3 axb3 48. Rxa6 b2 49. Rb6 Kg7 50.
Rh7+ Kxg6 51. Rhb7 Rxg3 52. Rxe6+ Kh5 53. Reb6 Rf3 54.
Rxb2 1-0

[Event "Late-Titled-Tuesday-Blitz-February-27-2024"]
[Site "Chess.com"]
[Date "2024.02.27"]
[Round "5"]
[White "HandKnit"]
[Black "KNVB"]
[Result "0-1"]
[WhiteElo "2518"]
[BlackElo "2824"]
[TimeControl "180+1"]
[EndTime "14:56:36 PST"]
[Termination "KNVB won on time"]

1. c4 c5 2. Nf3 b6 3. g3 Bb7 4. Bg2 e6 5. O-O Nf6 6. Nc3 a6 7. d4 cxd4 8. Qxd4 d6 9. Bg5 Nbd7 10. Rfd1 Be7 11. Qd2 O-O 12. Rac1 Qc7 13. b3 Rfd8 14. Bf4 Nc5 15. Qb2 h6 16. Be3 Rac8 17. b4 Ncd7 18.
Na4 Be4 19. Nd4 Bxg2 20. Kxg2 Ng4 21. Bd2 b5 22. cxb5 Qb7+ 23. Nf3 axb5 24. Nc3 Nde5 25. Qb3 Nc4 26. Be1 d5 27. h3 Nf6 28. a4 bxa4 29.
Nxa4 Rb8 30. Rb1 Ne4 31. Nc3 Rdc8 32. Nd4 Ned6 33. Na4 Nb5 34. Nxb5 Qxb5 35. Kg1 Rc7 36. Nb2 Nd6 37. Nd3 Ne4 38. Rbc1 Rcb7 39. Qa3 Bd6 40. Qa2 Qd7 41. Qa3 e5 42. Qa2 Qxh3 43. Qxd5 Qf5 0-1

[Event "Late-Titled-Tuesday-Blitz-February-27-2024"]
[Site "Chess.com"]
[Date "2024.02.27"]
[Round "5"]
[White "carloseduar100"]
[Black "secretsuperstar7"]
[Result "0-1"]
[WhiteElo "2370"]
[BlackElo "2506"]
[TimeControl "180+1"]
[EndTime "14:56:36 PST"]
[Termination "secretsuperstar7 won on time"]

1. e4 c5 2. Nf3 d6 3. g3 Nf6 4. d3 Nc6 5. Bg2 g6 6. O-O Bg7 7. Nbd2 O-O 8. c3 Qb6 9. Re1 e5 10. a3 a5 11. Qe2 Be6 12. h4 Bg4 13. Nf1 d5 14. Ne3 Be6 15. Ng5 d4 16. cxd4 Nxd4 17. Qd1 Bb3 18. Qd2 Rfd8 19. Qc3 a4 20. Nc4 Qc7 21.
Be3 b5 22. Nd2 Qd6 23. Nxb3 Nxb3 24. Rad1 b4 25. Qc4 Rac8 26. Nf3 Qe6 27. Qb5 bxa3 28.
bxa3 Ra8 29. Bxc5 Rdb8 30. Qc4 Qxc4 31. dxc4 Nxc5 32. Nxe5 Re8 33. Nc6 Rac8 34. e5 Nh5 35. Bd5 Bf8 36. Re2 Ne6 37. Rde1 Nhg7 38. Nb4 Nf5 0-1

[Event "Late-Titled-Tuesday-Blitz-February-27-2024"]
[Site "Chess.com"]
[Date "2024.02.27"]
[Round "5"]
[White "Nf3c5"]
[Black "Inepton_Fermion"]
[Result "0-1"]
[WhiteElo "2555"]
[BlackElo "2449"]
[TimeControl "180+1"]
[EndTime "14:56:37 PST"]
[Termination "Inepton_Fermion won on time"]

1. e4 c5 2. Nf3 e6 3. d3 a6 4. g3 b5 5. Bg2 Bb7 6. O-O d6 7. a4 Nf6 8. Nc3 b4 9. Ne2 Be7 10. h3 O-O 11. g4 c4 12. b3 cxd3 13.
cxd3 Nc6 14. Ng3 Rc8 15. d4 d5 16. e5 Ne4 17. Nh5 f6 18. exf6 Bxf6 19. Be3 Na5 20. Ne5 Bg5 21. f4 Be7 22. g5 Rc3 23. Rf3 Nxb3 24.
Rb1 Na5 25. h4 Nc4 26. Qe1 Nxe3 27. Rxe3 Rxe3 28. Qxe3 Qe8 29. Bxe4 dxe4 30. Ng3 Qxa4 31. h5 Qc2 32. Rc1 Qb2 33. Rc7 Qa3 34. Qxa3 bxa3 35.
Rc1 a2 36. Ra1 Bd5 37. Ne2 Bb4 38. Nd7 Rc8 39. Nc5 Bxc5 40. dxc5 Rxc5 41. Kf2 Rb5 42. Nc3 Rb2+ 43. Ke3 Kf7 44. Kd4 Rd2+ 45. Ke5 e3 0-1

[Event "Late-Titled-Tuesday-Blitz-February-27-2024"]
[Site "Chess.com"]
[Date "2024.02.27"]
[Round "5"]
[White "Schattman"]
[Black "igorknyazev"]
[Result "0-1"]
[WhiteElo "2422"]
[BlackElo "2223"]
[TimeControl "180+1"]
[EndTime "14:56:38 PST"]
[Termination "igorknyazev won on time"]

1. f4 Nc6 2. Nf3 d5 3. g3 Bg4 4.
Bg2 Qd7 5. d4 Nf6 6. Nbd2 Bh3 7.
O-O Bxg2 8. Kxg2 e6 9. c3 h5 10. Qc2 Ng4 11. Nb3 f5 12. h3 Nf6 13. Ne5 Nxe5 14.
fxe5 Ne4 15. Nd2 Be7 16. Nxe4 fxe4 17. Be3 Rf8 18. Qd2 O-O-O 19. Bg5 Bxg5 20. Qxg5 Qb5 21. Qd2 Rxf1 22. Rxf1 e3 23. Qxe3 Qxb2 24. Rf7 Qxa2 25. Rxg7 Qc4 26. Rf7 a5 27. Rf1 a4 28. Ra1 b5 29.
Qd3 Rf8 30. Qxc4 dxc4 31. g4 hxg4 32. hxg4 c5 33. e3 Kc7 34. Kg3 Kc6 35. e4 cxd4 36.
cxd4 c3 37. g5 b4 38. g6 c2 39. d5+ exd5 40. e6 Kd6 41. exd5 b3 42. Re1 b2 43. e7 Re8 44. g7 c1=Q 0-1

[Event "Late-Titled-Tuesday-Blitz-February-27-2024"]
[Site "Chess.com"]
[Date "2024.02.27"]
[Round "5"]
[White "PNEPaul"]
[Black "jodarmarlon1985"]
[Result "0-1"]
[WhiteElo "2037"]
[BlackElo "2249"]
[TimeControl "180+1"]
[EndTime "14:56:38 PST"]
[Termination "jodarmarlon1985 won on time"]

1. e4 e5 2. Nf3 Nc6 3. Bc4 Nf6 4. d4 exd4 5. O-O Nxe4 6. Re1 d5 7. Bxd5 Qxd5 8. Nc3 Qh5 9. Nxe4 Be6 10. Neg5 O-O-O 11. Nxe6 fxe6 12. Bg5 Rd5 13. Qe2 e5 14. Qe4 Qf7 15.
Bd2 Be7 16. c4 dxc3 17. Bxc3 Bf6 18. Qf5+ Qd7 19. Qe4 h6 20. Rac1 Rd8 21. h3 Nd4 22.
Nxd4 exd4 23. Bd2 Qf5 24. Qe2 d3 25. Qd1 Kb8 26. Qa4 Bd4 27. Rf1 Bb6 28. Qb3 g5 29. Rce1 h5 30. Re7 g4 31. hxg4 hxg4 32. Rg7 R5d7 33. Rg5 Qe4 34. Re1 Qd4 35. Rf1 a5 36.
Be3 Qb4 37. Bxb6 Qxb6 38. Rb5 Qa6 39. Rd1 d2 40. a4 g3 41. f3 Qc6 42. Qe3 b6 43. Kf1 Qc4+ 44. Qe2 Qxa4 0-1